[Event "45th FIDE Olympiad 2024"]
[Site "Budapest"]
[Date "2024.09.14"]
[Round "4.249"]
[White "Asante Debesai Zerabruk"]
[Black "Ortega Amarelle, Mariano"]
[Result "0-1"]
[ECO "A04"]
[WhiteElo "1908"]
[BlackElo "2453"]
[PlyCount "46"]
[EventDate "2024.09.05"]
[EventType "team-tourn"]
[EventCountry "HUN"]
[WhiteTeam "Eritrea"]
[BlackTeam "Cape Verde"]
[WhiteTeamCountry "ERI"]
[TimeControl "40/5400+30:1800+30"]

1. e4 c5 2. Nf3 d6 3. d3 g6 4. g3 Bg7 5. Bg2 Nc6 6. O-O e5 7. Be3 Nge7 8. c4 O-O 9. Qd2 f5 10. Nc3 Nd4 11. Nh4 f4 12. gxf4 Nec6 13. Nf3 Nxf3+ 14. Bxf3 exf4 15. Bxf4 Bxc3 16. bxc3 Qf6 17. Bxd6 Qxd6 18. Qe3 Qf4 19. Kg2 Bh3+ 20. Kxh3 Qxf3+ 21. Qxf3 Rxf3+ 22. Kg4 Raf8 23. Rg1 R8f4+ {0-} 0-1

[Event "45th FIDE Olympiad 2024"]
[Site "Budapest"]
[Date "2024.09.14"]
[Round "4.250"]
[White "Alho, Diogo"]
[Black "Kibrom Weldegebriel Beraki"]
[Result "1-0"]
[ECO "D35"]
[WhiteElo "2192"]
[BlackElo "1885"]
[PlyCount "61"]
[EventDate "2024.09.05"]
[EventType "team-tourn"]
[EventCountry "HUN"]
[WhiteTeam "Cape Verde"]
[BlackTeam "Eritrea"]
[BlackTeamCountry "ERI"]
[TimeControl "40/5400+30:1800+30"]

1. d4 Nf6 2. c4 e6 3. Nc3 d5 4. cxd5 exd5 5. Bg5 c6 6. e3 h6 7. Bh4 Bd6 8. Qc2 O-O 9. Bd3 a5 10. f3 Re8 11. e4 dxe4 12. fxe4 c5 13. dxc5 Bxc5 14. O-O-O Nc6 15. Bb5 Bd4 16. Nge2 Qb6 17. Nxd4 Nxd4 18. Rxd4 Qxd4 19. Bxf6 Qxf6 20. Bxe8 b5 21. Bxb5 Be6 22. Bc6 Rc8 23. Bd5 Qe5 24. Bxe6 Qxe6 25. Rf1 Qc4 26. Rd1 a4 27. Qd3 Qxa2 28. Qd8+ Kh7 29. Qxc8 Qb3 30. Qf5+ g6 31. Qd5 1-0

[Event "45th FIDE Olympiad 2024"]
[Site "Budapest"]
[Date "2024.09.14"]
[Round "4.251"]
[White "Lilay Weldu Gebru"]
[Black "Mirulla, David"]
[Result "0-1"]
[ECO "C89"]
[WhiteElo "1977"]
[BlackElo "1904"]
[PlyCount "54"]
[EventDate "2024.09.05"]
[EventType "team-tourn"]
[EventCountry "HUN"]
[WhiteTeam "Eritrea"]
[BlackTeam "Cape Verde"]
[WhiteTeamCountry "ERI"]
[TimeControl "40/5400+30:1800+30"]

1. e4 e5 2. Nf3 Nc6 3. Bb5 a6 4. Ba4 Nf6 5. O-O Be7 6. Re1 b5 7. Bb3 O-O 8. c3 d5 9. exd5 Nxd5 10. Nxe5 Nxe5 11. Rxe5 Nf6 12. h3 Bd6 13. Re3 Bb7 14. d4 Nd5 15. Re1 Qf6 16. Qg4 Rae8 17. Be3 Nf4 18. d5 Nd3 19. Re2 Qe5 20. g3 Nc1 21. Rd2 Nxb3 22. axb3 Bxd5 23. Na3 f5 24. Qd1 Bb7 25. Kh2 f4 26. Rxd6 fxg3+ 27. fxg3 Qxe3 {0-} 0-1

[Event "45th FIDE Olympiad 2024"]
[Site "Budapest"]
[Date "2024.09.14"]
[Round "4.252"]
[White "Vaz, Jose Carlos"]
[Black "Samuel, Merhawi Gebrehiwet"]
[Result "1-0"]
[ECO "B75"]
[WhiteElo "1909"]
[BlackElo "1788"]
[PlyCount "105"]
[EventDate "2024.09.05"]
[EventType "team-tourn"]
[EventCountry "HUN"]
[WhiteTeam "Cape Verde"]
[BlackTeam "Eritrea"]
[BlackTeamCountry "ERI"]
[TimeControl "40/5400+30:1800+30"]

1. e4 c5 2. Nf3 Nc6 3. d4 cxd4 4. Nxd4 Nf6 5. Nc3 d6 6. f3 g6 7. Be3 Bg7 8. Qd2 d5 9. O-O-O dxe4 10. fxe4 Ng4 11. Bb5 Bd7 12. Nb3 Nce5 13. Bxd7+ Qxd7 14. Qe2 Qe6 15. Nd5 Rc8 16. Nd4 Qd7 17. Nb5 Nxe3 18. Nf6+ Bxf6 19. Rxd7 Rxc2+ 20. Qxc2 Nxc2 21. Rxb7 Ne3 22. Nc7+ Kd8 23. Nd5 Kc8 24. Rxa7 Kb8 25. Ra3 Rc8+ 26. Kb1 Nxd5 27. exd5 Nc4 28. Rb3+ Kc7 29. Rd1 Kd6 30. g3 Bg5 31. Rc3 Bf6 32. Rb3 h5 33. a3 Be5 34. Ka2 g5 35. Rdd3 g4 36. Rb5 h4 37. b3 Nxa3 38. Kxa3 Ra8+ 39. Kb4 Ra2 40. Rb6+ Kd7 41. Rh6 Rxh2 42. Rxh4 Bxg3 43. Rxg4 Bd6+ 44. Kb5 f5 45. Rg5 f4 46. Rg8 Rh5 47. Rf8 e5 48. Rf7+ Ke8 49. Rg7 e4 50. Rd1 Be5 51. Rb7 Rh6 52. Rg1 Kf8 53. Rc1 1-0

[Event "45th FIDE Olympiad 2024"]
[Site "Budapest"]
[Date "2024.09.14"]
[Round "4.253"]
[White "Michaelides, Konstantinos"]
[Black "Muhammed, Shuaau"]
[Result "1-0"]
[ECO "D02"]
[WhiteElo "2297"]
[BlackElo "2052"]
[PlyCount "51"]
[EventDate "2024.09.05"]
[EventType "team-tourn"]
[EventCountry "HUN"]
[WhiteTeam "Cyprus"]
[BlackTeam "Maldives"]
[WhiteTeamCountry "CYP"]
[BlackTeamCountry "MDV"]
[TimeControl "40/5400+30:1800+30"]

1. d4 d5 2. Nf3 Nf6 3. Bf4 e6 4. e3 Bd6 5. Nbd2 Bxf4 6. exf4 Qd6 7. g3 c5 8. dxc5 Qxc5 9. Bd3 O-O 10. O-O Nc6 11. c3 b5 12. a3 Bb7 13. Qe2 a6 14. Rfe1 Qb6 15. Nb3 Rfe8 16. Rad1 Rab8 17. Ne5 Ba8 18. g4 Nxe5 19. fxe5 Nd7 20. Nd4 Nc5 21. g5 Bc6 22. Qh5 g6 23. Qh6 a5 24. Re3 b4 25. Rh3 bxc3 26. Bxg6 1-0

[Event "45th FIDE Olympiad 2024"]
[Site "Budapest"]
[Date "2024.09.14"]
[Round "4.254"]
[White "Mohamed, Hassan"]
[Black "Isaakidis, Alexandros"]
[Result "0-1"]
[ECO "D04"]
[WhiteElo "1880"]
[BlackElo "2155"]
[PlyCount "104"]
[EventDate "2024.09.05"]
[EventType "team-tourn"]
[EventCountry "HUN"]
[WhiteTeam "Maldives"]
[BlackTeam "Cyprus"]
[WhiteTeamCountry "MDV"]
[BlackTeamCountry "CYP"]
[TimeControl "40/5400+30:1800+30"]

1. d4 Nf6 2. Nf3 c5 3. e3 g6 4. b3 Bg7 5. Bb2 cxd4 6. Nxd4 O-O 7. Be2 d5 8. O-O Nc6 9. Nd2 Re8 10. N2f3 Ne4 11. Nxc6 bxc6 12. Bxg7 Kxg7 13. Qd4+ f6 14. Rfd1 e5 15. Qb2 Qb6 16. c4 Be6 17. Rac1 Rac8 18. h3 a5 19. Bd3 Nc5 20. Bf1 Re7 21. Qa1 Qb4 22. g4 h6 23. Nh4 Qb8 24. Qc3 Qb6 25. Qc2 e4 26. Ng2 g5 27. Qc3 dxc4 28. Bxc4 Bxc4 29. Qxc4 Nd3 30. Rc2 Qb4 31. Qa6 Rd8 32. Rxc6 Red7 33. Rc4 Qe7 34. Qc6 Ne5 35. Rxd7 Rxd7 36. Qxe4 Nxc4 37. Qxc4 Rd1+ 38. Kh2 Qd6+ 39. f4 Rd2 40. Qe4 Qd7 41. a3 Qd5 42. Qe7+ Qf7 43. Qc5 Qb7 44. e4 gxf4 45. Qxa5 Qd7 46. Qc3 Rd3 47. Qc5 Rd2 48. Qc3 Re2 49. a4 Qd6 50. Qf3 Qd2 51. Kg1 Qd4+ 52. Kh2 Rf2 {0-} 0-1

[Event "45th FIDE Olympiad 2024"]
[Site "Budapest"]
[Date "2024.09.14"]
[Round "4.255"]
[White "Antoniou, Rafail"]
[Black "Hussain, Nimal"]
[Result "1-0"]
[ECO "A23"]
[WhiteElo "2007"]
[BlackElo "1805"]
[PlyCount "81"]
[EventDate "2024.09.05"]
[EventType "team-tourn"]
[EventCountry "HUN"]
[WhiteTeam "Cyprus"]
[BlackTeam "Maldives"]
[WhiteTeamCountry "CYP"]
[BlackTeamCountry "MDV"]
[TimeControl "40/5400+30:1800+30"]

1. c4 e5 2. g3 Nf6 3. Bg2 Bc5 4. Nc3 O-O 5. Nf3 d6 6. d4 exd4 7. Nxd4 c6 8. O-O h6 9. Na4 Bxd4 10. Qxd4 Be6 11. Rd1 Qa5 12. Nc3 Qc5 13. Qxd6 Qxd6 14. Rxd6 Bxc4 15. Bxh6 Ne8 16. Rd4 Bxe2 17. Bxg7 Nxg7 18. Nxe2 Na6 19. h4 Rad8 20. Rad1 Ne6 21. Rxd8 Rxd8 22. Rxd8+ Nxd8 23. Be4 Nc5 24. Bc2 Nde6 25. g4 f6 26. b4 Nd7 27. Bb3 Kf7 28. Nf4 Ndf8 29. Nxe6 Nxe6 30. f4 Ke7 31. Bxe6 Kxe6 32. f5+ Kf7 33. Kf2 b6 34. Ke3 Ke7 35. g5 Kf7 36. a4 Kg7 37. Ke4 Kf7 38. gxf6 Kxf6 39. h5 Kg5 40. Ke5 Kxh5 41. f6 1-0